 Dungeon Crawl Stone Soup version 0.30.0-17-ge0270778cf (webtiles) character file.

Game seed: 11727738331353062382

7746 seandewar5 the Ducker (level 11, -7/83 HPs)
             Began as a Gnoll Wanderer on May 21, 2023.
             Was an Elder of Elyvilon.
             Mangled by a two-headed ogre
             ... wielding a +0 giant spiked club
              (13 damage)
             ... on level 11 of the Dungeon.
             The game lasted 00:56:18 (17682 turns).

seandewar5 the Ducker (Gnoll Wanderer)             Turns: 17682, Time: 00:56:19

Health: -7/83      AC: 10    Str: 12    XL:     11   Next: 20%
Magic:  20/30      EV: 14    Int: 16    God:    Elyvilon [****..]
Gold:   529        SH:  7    Dex: 11    Spells: 11/23 levels left

rFire   . . .        y - staff of conjuration
rCold   . . .        A - +2 buckler
rNeg    . . .        f - +0 steam dragon scales
rPois   +            o - +0 helmet
rElec   .            (no cloak)
rCorr   .            N - +0 pair of gloves
SInv    .            L - +0 pair of boots
Will    .....        (no amulet)
Stlth   +++          H - ring of magical power
HPRegen 0.33/turn    B - ring of poison resistance
MPRegen 0.22/turn

%: no passive effects
@: very slightly contaminated, studying Poison Magic
A: fangs 1, strong nose, distributed training
a: Renounce Religion, Purification, Heal Other, Heal Self


You were on level 11 of the Dungeon.
You worshipped Elyvilon.
Elyvilon was greatly pleased with you.
You visited 2 branches of the dungeon, and saw 12 of its levels.

You collected 529 gold pieces.

Inventory:

Hand Weapons
 a - a +1 short sword
Missiles
 F - 28 poisoned darts
Armour
 c - a +0 robe
 f - +0 steam dragon scales (worn)
 o - a +0 helmet (worn)
 A - a +2 buckler (worn)
 G - an orb of light
 L - a +0 pair of boots (worn)
 M - +0 acid dragon scales
 N - a +0 pair of gloves (worn)
 P - a +0 troll leather armour
Magical Staves
 y - a staff of conjuration (weapon)
Jewellery
 g - a ring of see invisible
 l - a ring of flight
 s - an amulet of guardian spirit
 z - an amulet of faith
 B - a ring of poison resistance (right hand)
 D - a ring of willpower
 H - a ring of magical power (left hand)
 I - a ring of ice
 J - a ring of protection from cold
Wands
 O - a wand of mindburst (10)
Scrolls
 b - 3 scrolls of fog
 d - a scroll of enchant armour {unknown}
 e - 3 scrolls of immolation
 h - 2 scrolls of fear {unknown}
 i - 2 scrolls of poison
 j - 3 scrolls of teleportation
 v - 2 scrolls of amnesia
 C - a scroll of vulnerability
 E - a scroll of enchant weapon
Potions
 k - 2 potions of flight
 m - 5 potions of attraction
 n - 4 potions of mutation
 p - 2 potions of resistance
 q - a potion of haste
 r - 7 potions of curing
 t - 2 potions of lignification
 u - a potion of brilliance
 w - 4 potions of heal wounds
 x - a potion of berserk rage
 K - a potion of magic {unknown}


   Skills:
 + Level 6.8 Fighting
 + Level 6.3 Short Blades
 + Level 6.3 Long Blades
 + Level 6.3 Axes
 + Level 6.3 Maces & Flails
 + Level 6.3 Polearms
 + Level 6.3 Staves
 + Level 6.3 Ranged Weapons
 + Level 6.3 Throwing
 + Level 6.3 Armour
 + Level 7.9 Dodging
 + Level 6.7 Stealth
 + Level 6.8 Shields
 + Level 6.3 Unarmed Combat
 + Level 6.9 Spellcasting
 + Level 6.5 Conjurations
 + Level 5.2 Hexes
 + Level 5.2 Summonings
 + Level 5.2 Necromancy
 + Level 6.5 Translocations
 + Level 5.2 Transmutations
 + Level 5.2 Fire Magic
 + Level 5.2 Ice Magic
 + Level 5.2 Air Magic
 + Level 5.2 Earth Magic
 + Level 6.8 Poison Magic
 + Level 6.9 Invocations
 + Level 6.3 Evocations


You had 11 spell levels left.
You knew the following spells:

 Your Spells              Type           Power      Damage    Failure   Level
a - Foxfire               Conj/Fire      100%       2x1d9     1%          1
b - Static Discharge      Conj/Air       72%        2-5/arc   2%          2
f - Apportation           Tloc           52%        N/A       1%          1
p - Passwall              Tmut/Erth      18%        N/A       3%          2
s - Swiftness             Air            22%        N/A       6%          3
t - Tukima's Dance        Hex            22%        N/A       6%          3

Your spell library contained the following spells:

 Spells                   Type           Power      Damage    Failure   Level
 Kiss of Death            Conj/Necr      100%       2d13      1%          1
 Slow                     Hex            88%        N/A       1%          1
 Ensorcelled Hibernation  Hex/Ice        44%        N/A       3%          2
 Gell's Gravitas          Tloc           26%        N/A       3%          3
 Teleport Other           Tloc           26%        N/A       3%          3
 Dazzling Flash           Conj/Hex       72%        N/A       4%          3
 Portal Projectile        Hex/Tloc       48%        N/A       4%          3
 Vhi's Electric Charge    Tloc/Air       48%        N/A       4%          3
 Agony                    Necr           22%        N/A       47%         5
 Silence                  Hex/Air        11%        N/A       47%         5
 Dispersal                Tloc           13%        N/A       86%         6


Dungeon Overview and Level Annotations

Branches:
Dungeon (11/15)            Temple (1/1) D:7            Lair (0/5) D:11
    Orc: D:9-12

Altars:
Ashenzari
Cheibriados
Dithmenos
Elyvilon
Fedhas
Gozag
Hepliaklqana
Kikubaaqudgha
Makhleb
Nemelex Xobeh
Okawaru
Qazlal
Ru
Sif Muna
Trog
Uskayaw
Vehumet
Wu Jian
Xom
Yredelemnul
Zin
The Shining One

Shops:
D:1 (   D:7 :   D:9 (   D:10 !

Annotations:
D:3 exclusion: downstairs
D:4 1 transporter, fedoskokos's ghost, amateur MiHu
D:5 exclusion: black bear
D:7 exclusion: downstairs
D:8 exclusion: downstairs
D:10 1 runed translucent door, exclusion: downstairs, Erolcha; kuniqs's ghost, journeyman MeEE
D:11 exclusion: gnoll


Innate Abilities, Weirdness & Mutations

You have very sharp teeth.
Your uncanny sense of smell can sniff out nearby items.
Your experience applies equally to all skills.


Message History

You are struck by an arc of lightning.
* * * LOW HITPOINT WARNING * * *
The two-headed ogre is struck by an arc of lightning.
The two-headed ogre is severely wounded.
You are struck by an arc of lightning.
* * * LOW HITPOINT WARNING * * *
The lightning grounds out.
Casting: Static Discharge (safe; 2% risk of failure)
Confirm with . or Enter, or press ? or * to list all spells.
You feel a surge of power! Really attack your foxfire?
The two-headed ogre is struck by an arc of lightning!
The two-headed ogre is almost dead.
You are struck by an arc of lightning.
* * * LOW HITPOINT WARNING * * *
Your foxfire is struck by an arc of lightning.
Your foxfire is moderately damaged.
The lightning grounds out.
Your foxfire is struck by an arc of lightning.
Your foxfire is heavily damaged.
You are struck by an arc of lightning.
* * * LOW HITPOINT WARNING * * *
The two-headed ogre is struck by an arc of lightning.
The two-headed ogre is almost dead.
You are struck by an arc of lightning.
* * * LOW HITPOINT WARNING * * *
The lightning grounds out.
The two-headed ogre hits you with a +0 giant spiked club.
* * * LOW HITPOINT WARNING * * *
The two-headed ogre hits you with a +0 giant spiked club!
* * * LOW HITPOINT WARNING * * *
Casting: Static Discharge (safe; 2% risk of failure)
Confirm with . or Enter, or press ? or * to list all spells.
You feel a surge of power! Really attack your foxfire?
You miscast Static Discharge.
Nothing appears to happen.
The two-headed ogre hits you with a +0 giant spiked club!!
* * * LOW HITPOINT WARNING * * *
The two-headed ogre hits you with a +0 giant spiked club!
You die...

..##.# ..##.######
..#.......########
.................#
.....####.######.# ..##.#
#.######.# #.##.# #.<.....<#
.....# ########v# #.#### ##@##
#.#############.O.##
............##..)..##
#.....#######.......#
..........###.......##########
#####.###.##.....(...........#
# #.# #.........(...######.#
#####.# #.#.....>.....# #.#
......# #.##.........## #.#


You could see a two-headed ogre (very poisoned, ally target).

Vanquished Creatures
  2 two-headed ogres
  Maggie (D:10)
  A troll (D:11)
  A hornet (D:10)
  2 wyverns
  A wraith (D:11)
  A yak (D:9)
  A basilisk (D:11)
  3 vampire mosquitoes (D:11)
  4 steam dragons
  A water moccasin (D:8)
  An ice beast (D:6)
  3 ogres
  A black bear (D:11)
  6 centaurs
  A phantom (D:7)
  2 kobold brigands
  A bullfrog (D:9)
  2 scorpions
  6 wights (D:9)
  20 killer bees
  9 howler monkeys
  5 electric eels (D:10)
  2 hounds
  2 gnoll boudas
  4 orc priests
  2 jellies
  A sleepcap (D:6)
  5 iguanas
  14 orc wizards
  8 adders
  11 gnolls
  A white imp (D:6)
  A worm (D:4)
  4 dart slugs
  38 orcs
  6 endoplasms
  3 giant cockroaches
  11 goblins
  7 hobgoblins
  3 jackals (D:3)
  17 kobolds
  5 quokkas
  4 ball pythons
  4 bats (D:1)
  A frilled lizard (D:1)
  23 rats
  A foxfire (D:10)
253 creatures vanquished.

Vanquished Creatures (others)
  An orc wizard (D:11)
  953 foxfires
954 creatures vanquished.

Grand Total: 1207 creatures vanquished

Notes
Turn   | Place    | Note
-------+----------+-------------------------------------------
     0 | D:1      | seandewar5 the Gnoll Wanderer began the quest for the Orb.
     0 | D:1      | seandewar5 set off with the following items: a +0 dagger, a
                  | scroll of fog, a +0 robe, a +0 buckler; and the following
                  | spells available to memorise: Apportation, Foxfire, Kiss of
                  | Death, Static Discharge, Vhi's Electric Charge.
     0 | D:1      | Reached XP level 1. HP: 17/17 MP: 4/4
   381 | D:1      | Found Voteefuph's Antique Weapon Emporium.
   389 | D:1      | Reached XP level 2. HP: 20/23 MP: 5/5
   443 | D:1      | Learned a level 1 spell: Apportation
   445 | D:1      | Learned a level 1 spell: Foxfire
   746 | D:1      | Reached XP level 3. HP: 28/28 MP: 2/7
  1135 | D:1      | Reached skill level 1 in Invocations
  1408 | D:2      | Reached skill level 1 in Short Blades
  1408 | D:2      | Reached skill level 1 in Long Blades
  1408 | D:2      | Reached skill level 1 in Axes
  1408 | D:2      | Reached skill level 1 in Maces & Flails
  1408 | D:2      | Reached skill level 1 in Polearms
  1408 | D:2      | Reached skill level 1 in Staves
  1408 | D:2      | Reached skill level 1 in Ranged Weapons
  1408 | D:2      | Reached skill level 1 in Throwing
  1408 | D:2      | Reached skill level 1 in Armour
  1408 | D:2      | Reached skill level 1 in Unarmed Combat
  1408 | D:2      | Reached skill level 1 in Evocations
  1768 | D:2      | Learned a level 2 spell: Static Discharge
  1777 | D:2      | Reached XP level 4. HP: 34/34 MP: 5/8
  2595 | D:3      | Reached skill level 1 in Hexes
  2595 | D:3      | Reached skill level 1 in Summonings
  2595 | D:3      | Reached skill level 1 in Necromancy
  2595 | D:3      | Reached skill level 1 in Transmutations
  2595 | D:3      | Reached skill level 1 in Fire Magic
  2595 | D:3      | Reached skill level 1 in Ice Magic
  2595 | D:3      | Reached skill level 1 in Air Magic
  2595 | D:3      | Reached skill level 1 in Earth Magic
  2595 | D:3      | Reached skill level 1 in Poison Magic
  3382 | D:3      | Reached XP level 5. HP: 40/40 MP: 0/9
  3610 | D:4      | Noticed an ogre
  4038 | D:4      | Noticed an ogre
  4045 | D:4      | Found a transporter.
  4060 | D:4      | Noticed fedoskokos's ghost (amateur MiHu)
  4062 | D:4      | Noticed an ogre
  4453 | D:4      | Killed an ogre
  4454 | D:4      | Reached skill level 5 in Dodging
  4454 | D:4      | Reached XP level 6. HP: 44/47 MP: 0/11
  5758 | D:5      | Entered Level 5 of the Dungeon
  5968 | D:5      | Got Gakhipp's Precepts of Hexing
  5972 | D:5      | Learned a level 2 spell: Passwall
  6046 | D:5      | Noticed a black bear
  6323 | D:5      | Reached XP level 7. HP: 52/52 MP: 6/12
  8004 | D:6      | Reached XP level 8. HP: 60/60 MP: 6/14
  8309 | D:6      | Found a glowing silver altar of Zin.
  8310 | D:6      | Found a sparkling altar of Nemelex Xobeh.
  8310 | D:6      | Found a white marble altar of Elyvilon.
  8312 | D:6      | Found a bloodstained altar of Trog.
  8416 | D:6      | Became a worshipper of Elyvilon the Healer
  8423 | D:6      | Found a burning altar of Makhleb.
  8424 | D:6      | Found a shimmering altar of Xom.
  8427 | D:6      | Found a stormy altar of Qazlal.
  9356 | D:7      | Reached * piety under Elyvilon
  9467 | D:7      | Reached skill level 6 in Dodging
  9467 | D:7      | Reached skill level 5 in Conjurations
  9467 | D:7      | Reached skill level 5 in Translocations
  9731 | D:7      | Reached XP level 9. HP: 61/66 MP: 9/16
  9883 | D:7      | Reached skill level 5 in Spellcasting
 10118 | D:7      | Found Gonyxac's Book Shoppe.
 10267 | D:7      | Found a radiant altar of Vehumet.
 10575 | D:7      | Reached ** piety under Elyvilon
 10603 | D:7      | Reached skill level 5 in Fighting
 10603 | D:7      | Reached skill level 5 in Shields
 10692 | D:7      | Found a staircase to the Ecumenical Temple.
 10700 | Temple   | Entered the Ecumenical Temple
 11227 | D:8      | Learned a level 3 spell: Swiftness
 11308 | D:8      | Reached skill level 5 in Stealth
 12040 | D:9      | Noticed a two-headed ogre
 12066 | D:9      | Reached skill level 5 in Invocations
 12364 | D:9      | Killed a two-headed ogre
 12365 | D:9      | Reached skill level 5 in Short Blades
 12365 | D:9      | Reached skill level 5 in Long Blades
 12365 | D:9      | Reached skill level 5 in Axes
 12365 | D:9      | Reached skill level 5 in Maces & Flails
 12365 | D:9      | Reached skill level 5 in Polearms
 12365 | D:9      | Reached skill level 5 in Staves
 12365 | D:9      | Reached skill level 5 in Ranged Weapons
 12365 | D:9      | Reached skill level 5 in Throwing
 12365 | D:9      | Reached skill level 5 in Armour
 12365 | D:9      | Reached skill level 5 in Unarmed Combat
 12365 | D:9      | Reached skill level 5 in Poison Magic
 12365 | D:9      | Reached skill level 5 in Evocations
 12365 | D:9      | Reached XP level 10. HP: 63/76 MP: 16/18
 12952 | D:8      | Reached skill level 7 in Dodging
 13728 | D:9      | You fall into a shaft and drop 2 floors!
 13764 | D:10     | Entered Level 10 of the Dungeon
 14771 | D:9      | Reached *** piety under Elyvilon
 14997 | D:9      | Found Xonog's Weapon Boutique.
 15072 | D:10     | Noticed a two-headed ogre
 15081 | D:10     | Killed a two-headed ogre
 15131 | D:10     | Learned a level 3 spell: Tukima's Dance
 15153 | D:10     | Noticed kuniqs's ghost (journeyman MeEE)
 15154 | D:10     | Found a runed translucent door.
 15226 | D:10     | Identified the +1 spear of Harmony {drain, rN+ Str-3 Dex+2}
 15228 | D:10     | Noticed Erolcha
 15714 | D:10     | Reached **** piety under Elyvilon
 15801 | D:10     | Noticed Maggie
 15818 | D:10     | Killed Maggie
 16341 | D:10     | Reached skill level 5 in Hexes
 16341 | D:10     | Reached skill level 5 in Summonings
 16341 | D:10     | Reached skill level 5 in Necromancy
 16341 | D:10     | Reached skill level 5 in Transmutations
 16341 | D:10     | Reached skill level 5 in Fire Magic
 16341 | D:10     | Reached skill level 5 in Ice Magic
 16341 | D:10     | Reached skill level 5 in Air Magic
 16341 | D:10     | Reached skill level 5 in Earth Magic
 16341 | D:10     | Reached XP level 11. HP: 83/83 MP: 21/21
 16362 | D:10     | Found Jokkikea's Distillery.
 16755 | D:11     | Noticed a death yak
 16769 | D:11     | Noticed a two-headed ogre
 16771 | D:11     | Found a staircase to the Lair.
 17682 | D:11     | Mangled by a two-headed ogre

Illustrated notes

Levels and vault maps discovered:
D:1:      dpeg_arrival_three_bigger_balls, layout_basic, serial_shops, shop,
          item_on_display_a
D:2:      layout_basic
D:3:      layout_basic, minmay_rat_hole
D:4:      layout_layer_cave, gammafunk_ghost_smash
D:5:      black_bear_nest_2, layout_basic, minmay_misc_feat_pillars
D:6:      layout_cave_pools, chequers_temple_overflow_statue_of_worship,
          minitemple, minmay_manual_mess
D:7:      layout_basic, lemuel_coloured_pillars_altar,
          minmay_temple_entry_fiery, serial_shops, nicolae_shop_behind_doors,
          hellmonk_bongcloud_opening
D:8:      layout_rooms
D:9:      layout_long_grid, serial_shops, shop, grunt_ministairs_2
D:10:     layout_basic, hellmonk_ghost_happy_afterlife, serial_shops,
          nicolae_shop_stone, hex_tiny, minmay_misc_feat_encased, uniq_erolcha,
          uniq_maggie
D:11:     layout_loops_ring, david_lair_generic, orc_0_dummy,
          amcnicky_mini_pool_small, kb_rosetta
Temple:   dpeg_chambers_temple

Skill      XL: |  1  2  3  4  5  6  7  8  9 10 |
---------------+-------------------------------+-----
Invocations    | 1 2 3 4 5 6 |  6.9
Short Blades   | 1 2 3 5 6 |  6.3
Long Blades    | 1 2 3 5 6 |  6.3
Axes           | 1 2 3 5 6 |  6.3
Maces & Flails | 1 2 3 5 6 |  6.3
Polearms       | 1 2 3 5 6 |  6.3
Staves         | 1 2 3 5 6 |  6.3
Ranged Weapons | 1 2 3 5 6 |  6.3
Throwing       | 1 2 3 5 6 |  6.3
Armour         | 1 2 3 5 6 |  6.3
Unarmed Combat | 1 2 3 5 6 |  6.3
Evocations     | 1 2 3 5 6 |  6.3
Spellcasting   | 3 4 5 6 |  6.9
Hexes          | 1 2 3 4 5 |  5.2
Summonings     | 1 2 3 4 5 |  5.2
Necromancy     | 1 2 3 4 5 |  5.2
Transmutations | 1 2 3 4 5 |  5.2
Fire Magic     | 1 2 3 4 5 |  5.2
Ice Magic      | 1 2 3 4 5 |  5.2
Air Magic      | 1 2 3 4 5 |  5.2
Earth Magic    | 1 2 3 4 5 |  5.2
Poison Magic   | 1 2 3 5 6 |  6.8
Fighting       | 3 4 5 6 |  6.8
Shields        | 3 4 5 6 |  6.8
Conjurations   | 4 5 6 |  6.5
Translocations | 4 5 6 |  6.5
Dodging        | 5 6 7 |  7.9
Stealth        | 3 4 5 6 |  6.7

Action                     |  1- 3 |  4- 6 |  7- 9 | 10-12 || total
---------------------------+-------+-------+-------+-------++-------
  Melee: Dagger            |   106 |    36 |       |       ||   142
         Bite              |     7 |     4 |     4 |       ||    15
         Short sword       |       |    13 |       |       ||    13
         Staff             |       |     1 |    15 |       ||    16
  Throw: Dart              |       |       |       |    15 ||    15
   Cast: Foxfire           |    39 |   138 |   248 |   188 ||   613
         Static Discharge  |       |    21 |    43 |    85 ||   149
         Swiftness         |       |       |     4 |     4 ||     8
         Tukima's Dance    |       |       |       |     3 ||     3
  Evoke: Wand              |       |       |       |     2 ||     2
    Use: Scroll            |     3 |    10 |     8 |     6 ||    27
         Potion            |       |       |     1 |     2 ||     3
   Stab: Sleeping          |     1 |       |       |       ||     1
 Armour: Robe              |    22 |     9 |     8 |     4 ||    43
         Steam dragon scal |       |       |       |     6 ||     6
  Dodge: Dodged            |    69 |    42 |    41 |    66 ||   218
  Block: Buckler           |    26 |    17 |    22 |    41 ||   106
